TOP OF THE 1ST |
Texas (APP) Rangers batting - Pitching for Orem Owlz : LHP Matthew Bale
|
Pitching: LHP Matthew Bale
|
|
Batting: LHB Walter Vegter
|
0-0: Ball 1-0: Called Strike 1-1: Ball 2-1: Ball 3-1: Swinging Strike 3-2: Fly out, F4 (Line Drive, 4, EV 70.0 MPH)
|
Batting: RHB Nick Solberg
|
0-0: Called Strike 0-1: Ball 1-1: Ball 2-1: Called Strike 2-2: Ball 3-2: Base on Balls
|
Batting: LHB Tomoya Hashimoto
|
0-0: Called Strike Nick Solberg steals 2nd base 0-1: Foul Ball, location: 2F 0-2: Ball 1-2: Ground out 4-3 (Groundball, 4, EV 90.6 MPH) Nick Solberg to third
|
Batting: RHB David Redman
|
0-0: Ball 1-0: Called Strike 1-1: Ball 2-1: Called Strike 2-2: Fly out, F3 (Popup, 3SF, EV 74.4 MPH)
|
Top of the 1st over - 0 runs, 0 hits, 0 errors, 1 left on base; Texas (APP) 0 - Orem 0 |
BOTTOM OF THE 1ST |
Orem Owlz batting - Pitching for Texas (APP) Rangers : LHP Jose Cepero
|
Pitching: LHP Jose Cepero
|
|
Batting: RHB T.J. Gray
|
0-0: Ground out 6-3 (Groundball, 6, EV 86.2 MPH)
|
Batting: RHB Jon Shonka
|
0-0: Called Strike 0-1: Ground out 4-3 (Groundball, 4M, EV 104.4 MPH)
|
Batting: RHB Timoleon Tsikouna
|
0-0: Foul Ball, location: 2F 0-1: Fly out, F9 (Line Drive, 9D, EV 100.6 MPH)
|
Bottom of the 1st over - 0 runs, 0 hits, 0 errors, 0 left on base; Texas (APP) 0 - Orem 0 |
TOP OF THE 2ND |
Texas (APP) Rangers batting - Pitching for Orem Owlz : LHP Matthew Bale
|
Batting: RHB Luis Reyna
|
0-0: Called Strike 0-1: Swinging Strike 0-2: Ball 1-2: Ball 2-2: Fly out, F9 (Flyball, 9D, EV 90.6 MPH)
|
Batting: RHB Shawn Weber
|
0-0: Ball 1-0: Ball 2-0: Ball 3-0: Base on Balls
|
Batting: SHB Tim Rogers
|
0-0: Called Strike Shawn Weber steals 2nd base 0-1: Swinging Strike 0-2: Ball 1-2: DOUBLE (Line Drive, 9LS, EV 95.0 MPH) Shawn Weber scores
|
Batting: RHB Rafael Tapia
|
0-0: Ball 1-0: Ball 2-0: SINGLE (Line Drive, 56D, EV 94.4 MPH) Tim Rogers to third Runner from 3rd tries for Home, SAFE, throw by LF to home
|
Batting: SHB Albert Ortiz
|
0-0: Ball Rafael Tapia is caught stealing 2nd base 2-4 1-0: Ball 2-0: Called Strike 2-1: Foul Ball, location: 2F 2-2: Ball 3-2: Base on Balls
|
Batting: LHB Walter Vegter
|
0-0: Ball 1-0: Ball 2-0: Ball 3-0: Base on Balls Albert Ortiz to second
|
Batting: RHB Nick Solberg
|
0-0: Ball 1-0: Foul Ball, location: 2F 1-1: Ball 2-1: Ball 3-1: Base on Balls Albert Ortiz to third Walter Vegter to second
|
Batting: LHB Tomoya Hashimoto
|
0-0: Called Strike 0-1: Foul Ball, location: 2F 0-2: SINGLE (Groundball, 5S, EV 66.9 MPH) (infield hit) Albert Ortiz scores Walter Vegter to third Nick Solberg to second
|
Batting: RHB David Redman
|
0-0: Called Strike 0-1: GRAND SLAM HOME RUN (Flyball, 7D, EV 100.6 MPH), Distance : 372 ft
|
Batting: RHB Luis Reyna
|
0-0: SOLO HOME RUN (Flyball, 8RXD, EV 113.1 MPH), Distance : 446 ft
|
Pitching: LHP Mario Anguiano
|
|
Batting: RHB Shawn Weber
|
0-0: Ball 1-0: Ball 2-0: Ball 3-0: Base on Balls
|
Batting: SHB Tim Rogers
|
0-0: Called Strike 0-1: Ball 1-1: Ball 2-1: Swinging Strike 2-2: Foul Ball, location: 2F 2-2: Ball 3-2: Foul Ball, location: 2F 3-2: Ground out 6-3 (Groundball, 6, EV 88.1 MPH)
|
Top of the 2nd over - 8 runs, 5 hits, 0 errors, 1 left on base; Texas (APP) 8 - Orem 0 |
BOTTOM OF THE 2ND |
Orem Owlz batting - Pitching for Texas (APP) Rangers : LHP Jose Cepero
|
Batting: RHB Dan Burkhart
|
0-0: Ball 1-0: Ball 2-0: Ball 3-0: Base on Balls
|
Batting: RHB Wilford Harper
|
0-0: Called Strike 0-1: Called Strike 0-2: Ball 1-2: Ball 2-2: Foul Ball, location: 2F 2-2: Fly out, F8 (Line Drive, 8LD, EV 88.1 MPH)
|
Batting: RHB Areda Obote
|
0-0: Swinging Strike 0-1: Foul Ball, location: 2F 0-2: 2-RUN HOME RUN (Flyball, 7D, EV 93.8 MPH), Distance : 378 ft
|
Batting: LHB Alberto Carrillo
|
0-0: Called Strike 0-1: Ball 1-1: Foul Ball, location: 2F 1-2: Ball 2-2: Ground out 4-3 (Groundball, 4, EV 94.4 MPH)
|
Batting: RHB Kyle Gray
|
0-0: Called Strike 0-1: Ball 1-1: Ball 2-1: Ball 3-1: Foul Ball, location: 2F 3-2: Strikes out swinging
|
Bottom of the 2nd over - 2 runs, 1 hit, 0 errors, 0 left on base; Texas (APP) 8 - Orem 2 |
TOP OF THE 3RD |
Texas (APP) Rangers batting - Pitching for Orem Owlz : LHP Mario Anguiano
|
Batting: RHB Rafael Tapia
|
0-0: Ball 1-0: Ball 2-0: SINGLE (Groundball, 56S, EV 63.8 MPH) (infield hit)
|
Batting: SHB Albert Ortiz
|
0-0: Ball 1-0: Foul Ball, location: 2F 1-1: Foul Ball, location: 2F 1-2: Fly out, F2 (Popup, 2RF, EV 94.4 MPH)
|
Batting: LHB Walter Vegter
|
0-0: Ball Rafael Tapia steals 2nd base 1-0: Ground out 6-3 (Groundball, 6, EV 102.5 MPH)
|
Batting: RHB Nick Solberg
|
0-0: Called Strike 0-1: Ground out 6-3 (Groundball, 6, EV 108.8 MPH)
|
Top of the 3rd over - 0 runs, 1 hit, 0 errors, 1 left on base; Texas (APP) 8 - Orem 2 |
BOTTOM OF THE 3RD |
Orem Owlz batting - Pitching for Texas (APP) Rangers : LHP Jose Cepero
|
Batting: SHB Winikeneke Keikemamake
|
0-0: Ball 1-0: Ball 2-0: Fly out, F8 (Flyball, 78M, EV 90.0 MPH)
|
Batting: RHB T.J. Gray
|
0-0: Ground out 5-3 (Groundball, 5L, EV 76.9 MPH)
|
Batting: RHB Jon Shonka
|
0-0: Swinging Strike 0-1: Ground out 2-3 (Groundball, 2R, EV 74.4 MPH)
|
Bottom of the 3rd over - 0 runs, 0 hits, 0 errors, 0 left on base; Texas (APP) 8 - Orem 2 |
TOP OF THE 4TH |
Texas (APP) Rangers batting - Pitching for Orem Owlz : LHP Mario Anguiano
|
Batting: LHB Tomoya Hashimoto
|
0-0: Foul Ball, location: 2F 0-1: Ball 1-1: Ball 2-1: Ball 3-1: Foul Ball, location: 2F 3-2: Base on Balls
|
Batting: RHB David Redman
|
0-0: Ball 1-0: Ball 2-0: Ball 3-0: Called Strike 3-1: DOUBLE (Line Drive, 7LS, EV 101.2 MPH) Tomoya Hashimoto to third
|
Batting: RHB Luis Reyna
|
0-0: Called Strike 0-1: Ball 1-1: Ball 2-1: Swinging Strike 2-2: SINGLE (Groundball, 4M, EV 87.5 MPH) (infield hit) Tomoya Hashimoto scores David Redman to third
|
Batting: RHB Shawn Weber
|
0-0: Foul Ball, location: 2F 0-1: Called Strike 0-2: DOUBLE (Line Drive, 8LXD, EV 109.4 MPH) David Redman scores Luis Reyna to third
|
Batting: SHB Tim Rogers
|
0-0: Ball 1-0: Ball 2-0: Fly out, F8 (Flyball, 78M, EV 88.8 MPH) Runner from 3rd tags up, SCORES, no throw by CF
|
Batting: RHB Rafael Tapia
|
0-0: Ground out 6-3 (Groundball, 6, EV 90.6 MPH)
|
Batting: SHB Albert Ortiz
|
0-0: Ball Wild Pitch! Shawn Weber to third 1-0: Called Strike 1-1: DOUBLE (Line Drive, 78D, EV 102.5 MPH) Shawn Weber scores
|
Pitching: LHP Jamie Diebel
|
|
Batting: LHB Walter Vegter
|
0-0: Fly out, F8 (Flyball, 8RM, EV 86.9 MPH)
|
Top of the 4th over - 4 runs, 4 hits, 0 errors, 1 left on base; Texas (APP) 12 - Orem 2 |
BOTTOM OF THE 4TH |
Orem Owlz batting - Pitching for Texas (APP) Rangers : LHP Jose Cepero
|
Batting: RHB Timoleon Tsikouna
|
0-0: Ball 1-0: Called Strike 1-1: Foul Ball, location: 2F 1-2: Ground out 5-3 (Groundball, 56S, EV 85.6 MPH)
|
Batting: RHB Dan Burkhart
|
0-0: Foul Ball, location: 2F 0-1: Ball 1-1: Ball 2-1: Ground out 5-3 (Groundball, 56, EV 104.4 MPH)
|
Batting: RHB Wilford Harper
|
0-0: Ball 1-0: Ball 2-0: Swinging Strike 2-1: Foul Ball, location: 2F 2-2: Strikes out swinging
|
Bottom of the 4th over - 0 runs, 0 hits, 0 errors, 0 left on base; Texas (APP) 12 - Orem 2 |
TOP OF THE 5TH |
Texas (APP) Rangers batting - Pitching for Orem Owlz : LHP Jamie Diebel
|
Batting: RHB Nick Solberg
|
0-0: Called Strike 0-1: Swinging Strike 0-2: Ball 1-2: Ball 2-2: DOUBLE (Groundball, 3L, EV 110.0 MPH)
|
Batting: LHB Tomoya Hashimoto
|
0-0: SINGLE (Line Drive, 78S, EV 108.1 MPH) Nick Solberg to third
|
Batting: RHB David Redman
|
0-0: Ball 1-0: Foul Ball, location: 2F 1-1: Foul Ball, location: 2F 1-2: Grounds into double play, 6-4-3 (Groundball, 6, EV 94.4 MPH) Nick Solberg scores
|
Batting: RHB Luis Reyna
|
0-0: Hit by Pitch
|
Batting: RHB Shawn Weber
|
0-0: Called Strike 0-1: Ball 1-1: Fielders Choice at 2nd, 6-4 (Groundball, 6, EV 108.8 MPH)
|
Top of the 5th over - 1 run, 2 hits, 0 errors, 1 left on base; Texas (APP) 13 - Orem 2 |
BOTTOM OF THE 5TH |
Orem Owlz batting - Pitching for Texas (APP) Rangers : LHP Jose Cepero
|
Batting: RHB Areda Obote
|
0-0: Ball 1-0: Foul Ball, location: 2F 1-1: Foul Ball, location: 2F 1-2: Ball 2-2: Fly out, F9 (Flyball, 9S, EV 85.0 MPH)
|
Batting: LHB Alberto Carrillo
|
0-0: Ball 1-0: SOLO HOME RUN (Flyball, 9LD, EV 92.5 MPH), Distance : 331 ft
|
Batting: RHB Kyle Gray
|
0-0: SOLO HOME RUN (Line Drive, 78XD, EV 111.9 MPH), Distance : 422 ft
|
Batting: SHB Winikeneke Keikemamake
|
0-0: Called Strike 0-1: Called Strike 0-2: Ground out 4-3 (Groundball, 4S, EV 70.0 MPH)
|
Batting: RHB T.J. Gray
|
0-0: Swinging Strike 0-1: Foul Ball, location: 2F 0-2: Ball 1-2: Foul Ball, location: 2F 1-2: Strikes out swinging
|
Bottom of the 5th over - 2 runs, 2 hits, 0 errors, 0 left on base; Texas (APP) 13 - Orem 4 |
TOP OF THE 6TH |
Texas (APP) Rangers batting - Pitching for Orem Owlz : LHP Jamie Diebel
|
Batting: SHB Tim Rogers
|
0-0: Called Strike 0-1: Fly out, F5 (Line Drive, 5, EV 73.8 MPH)
|
Batting: RHB Rafael Tapia
|
0-0: Called Strike 0-1: Ball 1-1: Called Strike 1-2: Foul Ball, location: 2F 1-2: Ball 2-2: Ball 3-2: DOUBLE (Line Drive, 8RXD, EV 96.9 MPH)
|
Batting: SHB Albert Ortiz
|
0-0: Called Strike 0-1: Ball 1-1: Called Strike 1-2: Ball 2-2: Ball 3-2: Base on Balls
|
Batting: LHB Walter Vegter
|
0-0: Grounds out, U3 (Groundball, 3L, EV 81.2 MPH) Rafael Tapia to third
|
Batting: RHB Nick Solberg
|
0-0: Called Strike 0-1: SINGLE (Groundball, 25, EV 68.1 MPH) (infield hit) Rafael Tapia scores Albert Ortiz to third
|
Pitching: RHP Mutsuo IIda
|
|
Batting: LHB Tomoya Hashimoto
|
0-0: Ball 1-0: SINGLE (Line Drive, 9LS, EV 107.5 MPH) Albert Ortiz scores Nick Solberg to second
|
Batting: RHB David Redman
|
0-0: Foul Ball, location: 2F 0-1: Ball 1-1: Foul Ball, location: 2F 1-2: Ball 2-2: Strikes out swinging
|
Top of the 6th over - 2 runs, 3 hits, 0 errors, 2 left on base; Texas (APP) 15 - Orem 4 |
BOTTOM OF THE 6TH |
Orem Owlz batting - Pitching for Texas (APP) Rangers : LHP Jose Cepero
|
Batting: RHB Jon Shonka
|
0-0: Called Strike 0-1: Ground out 5-3 (Groundball, 56, EV 80.6 MPH)
|
Batting: RHB Timoleon Tsikouna
|
0-0: Ball 1-0: Called Strike 1-1: Foul Ball, location: 2F 1-2: Ball 2-2: Strikes out looking
|
Batting: RHB Dan Burkhart
|
0-0: Ball 1-0: Swinging Strike 1-1: Foul Ball, location: 2F 1-2: Strikes out swinging
|
Bottom of the 6th over - 0 runs, 0 hits, 0 errors, 0 left on base; Texas (APP) 15 - Orem 4 |
TOP OF THE 7TH |
Texas (APP) Rangers batting - Pitching for Orem Owlz : RHP Mutsuo IIda
|
Pinch Hitting: RHB Jeremy Palac
|
0-0: Foul Ball, location: 2F 0-1: SINGLE (Groundball, 13S, EV 68.8 MPH) (infield hit)
|
Batting: RHB Shawn Weber
|
|
Pinch Hitting: RHB Kelly Cole
|
0-0: Ball 1-0: Swinging Strike 1-1: Called Strike 1-2: Ball 2-2: Foul Ball, location: 2F 2-2: Foul Ball, location: 2F 2-2: Strikes out swinging
|
Pinch Hitting: SHB Alfonso Chacon
|
0-0: Ball 1-0: Fielders Choice at 2nd, 1-6 (Groundball, 13S, EV 69.4 MPH)
|
Batting: RHB Rafael Tapia
|
0-0: Foul Ball, location: 2F 0-1: Foul Ball, location: 2F 0-2: Ball 1-2: Ground out 4-3 (Groundball, 4, EV 92.5 MPH)
|
Top of the 7th over - 0 runs, 1 hit, 0 errors, 1 left on base; Texas (APP) 15 - Orem 4 |
BOTTOM OF THE 7TH |
Orem Owlz batting - Pitching for Texas (APP) Rangers : LHP Jose Cepero
|
Now at 1B: Alex Lopez
|
|
Now at 2B: Alfonso Chacon
|
|
Now at 3B: Jeremy Palac
|
|
Now at SS: Rafael Tapia
|
|
Batting: RHB Wilford Harper
|
0-0: Ball 1-0: Ball 2-0: Foul Ball, location: 2F 2-1: Fly out, F7 (Flyball, 7, EV 85.6 MPH)
|
Batting: RHB Areda Obote
|
0-0: SOLO HOME RUN (Flyball, 78XD, EV 109.4 MPH), Distance : 428 ft
|
Batting: LHB Alberto Carrillo
|
0-0: Called Strike 0-1: Ball 1-1: Foul Ball, location: 2F 1-2: Ball 2-2: Ground out 6-3 (Groundball, 6, EV 103.8 MPH)
|
Batting: RHB Kyle Gray
|
0-0: Called Strike 0-1: Foul Ball, location: 2F 0-2: Ball 1-2: Ball 2-2: Strikes out swinging
|
Bottom of the 7th over - 1 run, 1 hit, 0 errors, 0 left on base; Texas (APP) 15 - Orem 5 |
TOP OF THE 8TH |
Texas (APP) Rangers batting - Pitching for Orem Owlz : RHP Mutsuo IIda
|
Pitching: RHP Josh Faulconer
|
|
Batting: SHB Albert Ortiz
|
0-0: Foul Ball, location: 2F 0-1: Foul Ball, location: 2F 0-2: Ball 1-2: Fly out, F2 (Popup, 2LF, EV 83.1 MPH)
|
Batting: LHB Walter Vegter
|
0-0: Ball 1-0: Called Strike 1-1: Foul Ball, location: 2F 1-2: Ground out 4-3 (Groundball, 34, EV 86.9 MPH)
|
Batting: RHB Nick Solberg
|
0-0: Ball 1-0: Ball 2-0: Ball 3-0: Called Strike 3-1: DOUBLE (Line Drive, 5D, EV 100.0 MPH)
|
Batting: LHB Tomoya Hashimoto
|
0-0: Ground out 6-3 (Groundball, 6, EV 100.0 MPH)
|
Top of the 8th over - 0 runs, 1 hit, 0 errors, 1 left on base; Texas (APP) 15 - Orem 5 |
BOTTOM OF THE 8TH |
Orem Owlz batting - Pitching for Texas (APP) Rangers : LHP Jose Cepero
|
Batting: SHB Winikeneke Keikemamake
|
0-0: Ball 1-0: Fly out, F7 (Flyball, 7LS, EV 85.0 MPH)
|
Batting: RHB T.J. Gray
|
0-0: Called Strike 0-1: Called Strike 0-2: Strikes out swinging
|
Batting: RHB Jon Shonka
|
0-0: Ball 1-0: Ball 2-0: Swinging Strike 2-1: Fly out, F9 (Flyball, 9LM, EV 94.4 MPH)
|
Bottom of the 8th over - 0 runs, 0 hits, 0 errors, 0 left on base; Texas (APP) 15 - Orem 5 |
TOP OF THE 9TH |
Texas (APP) Rangers batting - Pitching for Orem Owlz : RHP Josh Faulconer
|
Batting: RHB David Redman
|
0-0: Ball 1-0: Called Strike 1-1: Swinging Strike 1-2: Fly out, F8 (Flyball, 8LXD, EV 103.8 MPH)
|
Pitching: RHP Nick Lombardo
|
|
Batting: RHB Jeremy Palac
|
0-0: Ground out 5-3 (Groundball, 5S, EV 78.1 MPH)
|
Batting: RHB Alex Lopez
|
0-0: Called Strike 0-1: Ball 1-1: Ball 2-1: Foul Ball, location: 2F 2-2: Ball 3-2: Foul Ball, location: 2F 3-2: DOUBLE (Line Drive, 78D, EV 101.9 MPH)
|
Batting: SHB Alfonso Chacon
|
0-0: Ball 1-0: Ball 2-0: Foul Ball, location: 2F 2-1: Ball 3-1: Foul Ball, location: 2F 3-2: Foul Ball, location: 2F 3-2: Base on Balls
|
Batting: RHB Rafael Tapia
|
0-0: DOUBLE (Groundball, 5L, EV 106.2 MPH) Alex Lopez scores Alfonso Chacon to third
|
Batting: SHB Albert Ortiz
|
0-0: Swinging Strike 0-1: Swinging Strike 0-2: Ball 1-2: Foul Ball, location: 2F 1-2: Ball 2-2: Foul Ball, location: 2F 2-2: Ball Wild Pitch! Alfonso Chacon scores Rafael Tapia to third 3-2: Base on Balls
|
Batting: LHB Walter Vegter
|
0-0: Called Strike 0-1: Called Strike 0-2: Foul Ball, location: 2F 0-2: Ball 1-2: Ball 2-2: Strikes out swinging
|
Top of the 9th over - 2 runs, 2 hits, 0 errors, 2 left on base; Texas (APP) 17 - Orem 5 |
BOTTOM OF THE 9TH |
Orem Owlz batting - Pitching for Texas (APP) Rangers : LHP Jose Cepero
|
Pitching: LHP Kevin Anderson
|
|
Batting: RHB Timoleon Tsikouna
|
0-0: Called Strike 0-1: Called Strike 0-2: Ball 1-2: Ball 2-2: Foul Ball, location: 2F 2-2: Ball 3-2: Strikes out swinging
|
Batting: RHB Dan Burkhart
|
0-0: Ball 1-0: Swinging Strike 1-1: Called Strike 1-2: Foul Ball, location: 2F 1-2: SINGLE (Groundball, 56D, EV 102.5 MPH)
|
Batting: RHB Wilford Harper
|
0-0: Fly out, F7 (Flyball, 7LD, EV 85.6 MPH)
|
Batting: RHB Areda Obote
|
0-0: Called Strike 0-1: Called Strike 0-2: Ball 1-2: Strikes out swinging
|
Bottom of the 9th over - 0 runs, 1 hit, 0 errors, 1 left on base; Texas (APP) 17 - Orem 5 |
|